 Dungeon Crawl Stone Soup version 0.24-a0-67-ga78bd38 (webtiles) character file.

Game seed: 7895958165960104785

585 Kairos the Cudgeler (level 7, -3/36 HPs)
             Began as a Vine Stalker Fighter on Feb 5, 2019.
             Slain by an ogre
             ... wielding a +0 giant spiked club
              (17 damage)
             ... on level 4 of the Dungeon.
             The game lasted 00:05:59 (2950 turns).

Kairos the Cudgeler (Vine Stalker Fighter)          Turns: 2950, Time: 00:06:00

Health: -3/36      AC:  9    Str: 20    XL:     7   Next: 37%
Magic:  0/8        EV:  5    Int:  8    God:
Gold:   105        SH:  9    Dex: 14    Spells: 6/6 levels left

rFire    . . .     SeeInvis .   a - +0 flail
rCold    . . .     Gourm    .   c - +0 shield
rNeg     . . .     Faith    .   w - +0 chain mail
rPois    .         Spirit   +   (no helmet)
rElec    .         Reflect  .   k - scarf {cloud immunity}
rCorr    .         Harm     .   (no gloves)
MR       +....                  (no boots)
Stlth    ..........             (no amulet)
HPRegen  0.52/turn              u - ring of protection from magic
MPRegen  0.11/turn              (no ring)

@: no status effects
A: fangs 2, regeneration 1, magic shield, antimagic bite, no potion heal 3, rot
immunity
a: no special abilities


You were on level 4 of the Dungeon.
You were hungry.

You visited 1 branch of the dungeon, and saw 4 of its levels.

You collected 105 gold pieces.

Inventory:

Hand Weapons
 a - a +0 flail (weapon)
Missiles
 s - 2 tomahawks (quivered)
Armour
 b - a +0 scale mail
 c - a +0 shield (worn)
 k - a scarf of cloud immunity (worn)
 w - a +0 chain mail (worn)
 y - a +0 pair of boots
Jewellery
 u - a ring of protection from magic (left hand)
Wands
 m - a wand of clouds (5)
Scrolls
 e - 4 scrolls of remove curse {unknown}
 g - a scroll of enchant armour {unknown}
 i - 3 scrolls of identify {unknown}
 l - 3 scrolls of fog {unknown}
 o - a scroll of fear {unknown}
 p - a scroll of enchant weapon {unknown}
 q - 3 scrolls of teleportation {unknown}
 r - 2 scrolls of random uselessness {unknown}
 A - a scroll of noise {unknown}
Potions
 d - a potion of might
 h - a potion of brilliance {unknown}
 j - a potion of mutation {unknown}
 n - 2 potions of cancellation {unknown}
 t - a potion of resistance {unknown}
 v - 2 potions of curing {unknown}
 x - 2 potions of agility {unknown}
 z - a potion of haste {unknown}
 B - a potion of magic {unknown}
Comestibles
 f - 5 rations


   Skills:
 + Level 3.5 Fighting
 + Level 4.1 Maces & Flails
 + Level 2.7 Throwing
 + Level 3.5 Armour
 + Level 1.0 Dodging
 + Level 0.6 Stealth
 + Level 4.0 Shields


You had 6 spell levels left.
You didn't know any spells.
Your spell library was empty.

Dungeon Overview and Level Annotations

Branches:
Dungeon (4/15)
 Temple: D:4-7

Altars:
Cheibriados
Dithmenos
Makhleb
Yredelemnul

Shops:
D:4 =


Innate Abilities, Weirdness & Mutations

You have extremely sharp teeth.
Your natural rate of healing is unusually fast.
When hurt, damage is shared between your health and your magic reserves.
Your bite disrupts and absorbs the magic of your enemies.
Potions cannot restore your health.
You are immune to rotting.


Message History

You hit the hound.
You kill the hound!
Your shield and chain mail prevent you from hitting the ogre.
The ogre hits you with a +0 giant spiked club!!
You hit the ogre. You bite the ogre. You drain its power.
You feel invigorated.
The ogre is moderately wounded.
The ogre hits you with a +0 giant spiked club!
You are too injured to fight recklessly!
You are too injured to fight recklessly!
You sock the ogre!
The ogre is heavily wounded.
You block the ogre's attack.
Your shield and chain mail prevent you from hitting the ogre.
You bite the ogre, but do no damage.
The ogre is heavily wounded.
The ogre closely misses you.
You sock the ogre!
The ogre is severely wounded.
The ogre hits you with a +0 giant spiked club!!
You die...

.....##..#...#.#.##.
.....##..#...#.#
.....##..#...#.#
.....##........#
'#.รท..)...##...###
'#.#####...#.....#
...# ######.#### #
...# #####.####.##
...# #......O@...#
...# #.####.####.#
...# #.....# ...#
#..?....# ...#
#....^..# ##[##
....._.[...# ....#
..#.......#.# ....#
##.#.......#.# ....#
# ##.....## #


You could see an ogre.

Vanquished Creatures
  2 ogres (D:4)
  A scorpion (D:4)
  A howler monkey (D:4)
  A quasit (D:3)
  3 hounds (D:4)
  An orc priest (D:3)
  An orc wizard (D:3)
  3 adders
  2 oozes
  3 worms
  3 dart slugs
  2 leopard geckos
  9 orcs
  2 ball pythons
  A bat (D:3)
  4 giant cockroaches (D:3)
  4 hobgoblins
  13 jackals
  13 kobolds
  2 quokkas (D:4)
  A frilled lizard (D:2)
  9 goblins
  A quokka skeleton (D:4)
  7 rats
89 creatures vanquished.

Notes
Turn   | Place    | Note
-------+----------+-------------------------------------------
     0 | D:1      | Kairos the Vine Stalker Fighter began the quest for the
                  | Orb.
     0 | D:1      | Reached XP level 1. HP: 11/11 MP: 2/2
   105 | D:1      | Reached XP level 2. HP: 16/16 MP: 3/3
   521 | D:2      | Reached XP level 3. HP: 16/20 MP: 2/4
   573 | D:2      | Reached skill level 1 in Throwing
  1399 | D:3      | Gained mutation: Your natural rate of healing is unusually
                  | fast. [Vine Stalker growth]
  1399 | D:3      | Reached XP level 4. HP: 17/24 MP: 5/5
  1523 | D:3      | Reached XP level 5. HP: 5/28 MP: 2/6
  1749 | D:3      | Found a basalt altar of Yredelemnul.
  1756 | D:3      | Found a snail-covered altar of Cheibriados.
  2099 | D:3      | Found a shadowy altar of Dithmenos.
  2272 | D:4      | Noticed an ogre
  2280 | D:4      | Killed an ogre
  2280 | D:4      | Reached XP level 6. HP: 12/32 MP: 1/7
  2489 | D:4      | Reached skill level 1 in Dodging
  2671 | D:4      | Reached XP level 7. HP: 13/36 MP: 3/8
  2725 | D:4      | Found Ninwylal's Jewellery Shop.
  2924 | D:4      | Found a burning altar of Makhleb.
  2950 | D:4      | Slain by an ogre

Vault maps used:
D:1:      nicolae_arrival_washed_ashore, minmay_splitting_lines
D:3:      lemuel_round_altar, gammafunk_temple_overflow_statue
D:4:      old_standard_altar, serial_shops, shop

Skill      XL: |  1  2  3  4  5  6  7 |
---------------+----------------------+-----
Fighting       | 3 |  3.5
Shields        | 3 4 |  4.0
Maces & Flails | 2 3 4 |  4.1
Throwing       | 1 2 |  2.7
Armour         | 3 |  3.5
Dodging        | 1 |  1.0
Stealth        | |  0.6

Action                   |  1- 3 |  4- 6 |  7- 9 || total
-------------------------+-------+-------+-------++-------
Melee: Flail             |    55 |   143 |    29 ||   227
       Bite              |    13 |    41 |    12 ||    66
Throw: Tomahawk          |    71 |    45 |       ||   116
  Eat: Chunk             |     1 |     2 |       ||     3
       Ration            |       |     1 |       ||     1
Armor: Scale mail        |    29 |    33 |       ||    62
       Chain mail        |       |    56 |    12 ||    68
Dodge: Dodged            |    25 |    48 |     4 ||    77
Block: Shield            |    38 |    83 |    16 ||   137

Table legend:
 A = Non-vault XP
 B = Vault XP
 C = Vault XP percentage of total XP
 D = Non-vault monster count
 E = Vault monster count
 F = Vault count percentage of total count
                 A         B        C        D         E       F
            +---------+---------+-------+---------+---------+-------
      Total |     837 |       0 |   0.0 |      89 |       0 |   0.0
            +---------+---------+-------+---------+---------+-------
        D:1 |      24 |       0 |   0.0 |      14 |       0 |   0.0
        D:2 |      44 |       0 |   0.0 |      19 |       0 |   0.0
        D:3 |     226 |       0 |   0.0 |      38 |       0 |   0.0
        D:4 |     543 |       0 |   0.0 |      18 |       0 |   0.0
            +---------+---------+-------+---------+---------+-------
